 Dungeon Crawl Stone Soup version 0.30.0 (webtiles) character file.

Game seed: 15461953296334610389

806 SnakkuSnakku7 the Slasher (level 7, -8/59 HPs)
             Began as a Grey Draconian Cinder Acolyte on May 6, 2023.
             Was a High Priest of Ignis.
             Killed by divine providence
             ... invoked by an orc priest
              (14 damage)
             ... on level 4 of the Dungeon.
             The game lasted 00:05:53 (3583 turns).

SnakkuSnakku7 the Slasher (DrCA)                    Turns: 3583, Time: 00:05:53

Health: -8/59      AC: 11    Str: 17    XL:     7   Next: 60%
Magic:  8/8        EV: 11    Int: 14    God:    Ignis [*****.]
Gold:   123        SH:  0    Dex:  8    Spells: 8/8 levels left

rFire   + . .        a - +0 long sword
rCold   . . .        (no shield)
rNeg    . . .        (body armour unavailable)
rPois   .            (helmet restricted)
rElec   .            (no cloak)
rCorr   +            (no gloves)
SInv    .            (no boots)
Will    +....        (no amulet)
Stlth   +            l - ring of willpower
HPRegen 0.29/turn    n - ring of resist corrosion
MPRegen 0.11/turn

%: no passive effects
@: no status effects
A: AC +11, amphibious, unfitting armour, cold-blooded
a: Renounce Religion, Fiery Armour, Foxfire Swarm, Rising Flame


You were on level 4 of the Dungeon.
You worshipped Ignis.
Ignis was extremely pleased with you.
You visited 1 branch of the dungeon, and saw 4 of its levels.

You collected 123 gold pieces.

Inventory:

Hand Weapons
 a - a +0 long sword (weapon)
 g - a -1 mace of flaming
Missiles
 m - 2 poisoned darts (quivered)
 t - 6 javelins
Jewellery
 l - a ring of willpower (left hand)
 n - a ring of resist corrosion (right hand)
Wands
 o - a wand of digging (1)
Scrolls
 e - a scroll of blinking {unknown}
 f - a scroll of butterflies {unknown}
 h - 2 scrolls of teleportation {unknown}
 j - 2 scrolls of vulnerability {unknown}
 k - a scroll of brand weapon
 r - a scroll of fear {unknown}
 s - a scroll of identify
Potions
 b - a potion of haste
 c - 3 potions of magic {unknown}
 d - a potion of might
 i - 2 potions of flight {unknown}
 p - a potion of curing {unknown}
 q - a potion of mutation {unknown}
 u - a potion of heal wounds


   Skills:
 - Level 4.1 Fighting
 + Level 6.4 Long Blades
 - Level 3.3 Maces & Flails
 - Level 4.0 Throwing
 - Level 1.0 Spellcasting
 - Level 3.0 Fire Magic


You had 8 spell levels left.
You didn't know any spells.
Your spell library contained the following spells:

 Spells                   Type           Power      Damage    Failure   Level
 Scorch                   Fire           18%        2d5       12%         2
 Ozocubu's Armour         Ice            0%         N/A       61%         3
 Ozocubu's Refrigeration  Ice            0%         4d7       100%        7


Dungeon Overview and Level Annotations

Branches:
Dungeon (4/15)
 Temple: D:4-7

Altars:
Okawaru


Innate Abilities, Weirdness & Mutations

Your dull iron-grey scales are very hard. (AC +11)
You are amphibious.
You cannot fit into any form of body armour.
You are cold-blooded and may be slowed by cold attacks.


Message History

An orc comes into view. It is wielding a +0 hand axe.
Things that are here:
a +0 hand axe; a black bear corpse You see here a poisoned dart.
An orc wizard comes into view. It is wielding a +0 dagger.
The orc wizard shouts!
An orc priest comes into view. It is wielding a +0 short sword.
The orc priest shouts!
You slash the orc!
You kill the orc!
You hear a shout!
A giant cockroach comes into view.
The orc wizard points at you and mumbles some strange words.
The magic dart hits you but does no damage.
An orc priest and an orc come into view.
The orc priest shouts!
You hear an angry hiss.
An orc priest comes into view. It is wielding a +0 long sword.
The orc priest calls down the wrath of Beogh upon you.
Beogh smites you!
An orc comes into view. It is wielding a +0 hand axe.
The orc priest shouts!
You hear a shout! x2
The orc priest invokes the aid of Beogh against you.
Beogh smites you!
A ball python comes into view.
Items here: ( ) [ †.
The orc wizard points at you and mumbles some strange words.
You resist with almost no effort.
The orc priest looks encouraged for a moment.
You see here a poisoned dart.
You see here a +0 giant club.
The orc priest calls down the wrath of Beogh upon you.
Beogh smites you!
* * * LOW HITPOINT WARNING * * *
There is a stone staircase leading up, spattered with blood here.
The orc wizard casts a spell at you.
The puff of flame hits you but does no damage.
You resist.
The orc priest mumbles some strange prayers to Beogh against you.
Beogh smites you!
You die...

#......)...#
#.....So...#
##..o.oo####
##..o(.#
##..).#
#.Bo.#####
#..(.....#
####..))†...#
........@....#
...!....#....#
#####.########
#. #. #.


You could see 3 orc priests, an orc wizard, 2 orcs, a giant cockroach and a ball
python.

Vanquished Creatures
  Grinder (D:3)
  Sigmund (D:2)
  A black bear (D:4)
  An ogre (D:4)
  Jessica (D:2)
  Terence (D:2)
  An orc wizard (D:3)
  7 gnolls
  4 adders
  2 worms (D:1)
  3 dart slugs
  9 orcs
  6 endoplasms
  3 giant cockroaches
  14 goblins
  10 hobgoblins
  A quokka (D:1)
  9 ball pythons
  3 bats
  2 frilled lizards
  5 kobolds
  4 rats
89 creatures vanquished.

Vanquished Creatures (others)
  21 foxfires (D:2)
  2 fungi (D:2)
  3 plants (D:2)
26 creatures vanquished.

Grand Total: 115 creatures vanquished

Notes
Turn   | Place    | Note
-------+----------+-------------------------------------------
     0 | D:1      | SnakkuSnakku7 the Draconian Cinder Acolyte began the quest
                  | for the Orb.
     0 | D:1      | Reached XP level 1. HP: 19/19 MP: 2/2
   169 | D:1      | Reached XP level 2. HP: 21/26 MP: 3/3
   565 | D:1      | Reached skill level 1 in Long Blades
   565 | D:1      | Reached XP level 3. HP: 15/33 MP: 4/4
   816 | D:2      | Noticed Terence
   816 | D:2      | Noticed Jessica
   902 | D:2      | Noticed Sigmund
   953 | D:2      | Found an iron altar of Okawaru.
  1098 | D:2      | Reached skill level 1 in Throwing
  1098 | D:2      | Reached XP level 4. HP: 2/40 MP: 5/5
  1267 | D:2      | Reached skill level 2 in Long Blades
  1286 | D:2      | Found a faded altar of an unknown god.
  1516 | D:2      | Killed Jessica
  1611 | D:1      | Reached XP level 5. HP: 41/46 MP: 6/6
  1678 | D:2      | HP: 1/46 [something/puff of flame (3)]
  1744 | D:2      | Killed Sigmund
  1745 | D:2      | Reached skill level 3 in Long Blades
  1745 | D:2      | Reached XP level 6. HP: 27/52 MP: 7/7
  1956 | D:2      | Killed Terence
  1957 | D:2      | Reached skill level 4 in Long Blades
  2143 | D:2      | You fall into a shaft and drop 1 floor!
  3030 | D:3      | Noticed Grinder
  3045 | D:3      | Killed Grinder
  3046 | D:3      | Reached skill level 5 in Long Blades
  3046 | D:3      | Your scales start taking on a dull iron-grey colour.
  3046 | D:3      | Reached XP level 7. HP: 23/59 MP: 8/8
  3402 | D:4      | Reached skill level 6 in Long Blades
  3583 | D:4      | Killed from afar by an orc priest

Illustrated notes

Levels and vault maps discovered:
D:1:      heliophobic_arrival_ceremonial_halls, layout_basic
D:2:      layout_rooms, shapermc_ecumenical_altar_mp_ritualfount, basic_altar,
          uniq_sigmund, uniq_terence, uniq_jessica
D:3:      layout_loops_corners, minmay_goblin_outpost, uniq_grinder
D:4:      layout_rooms, nemelex_diamond_rough_becter, uniq_ijyb, uniq_menkaure,
          uniq_natasha, uniq_duvessa

Skill      XL: |  1  2  3  4  5  6  7 |
---------------+----------------------+-----
Fighting       | 4 |  4.1
Long Blades    | 1 2 3 5 6 |  6.4
Throwing       | 1 2 3 4 |  4.0
Maces & Flails | |  3.3
Spellcasting   | |  1.0
Fire Magic     | |  3.0

Action                     |  1- 3 |  4- 6 |  7- 9 || total
---------------------------+-------+-------+-------++-------
  Melee: Mace              |    21 |       |       ||    21
         Tailslap          |    13 |    30 |    10 ||    53
         Long sword        |    80 |   174 |    56 ||   310
         Punch             |     1 |     3 |       ||     4
  Throw: Dart              |     2 |     6 |     5 ||    13
 Invoke: Foxfire Swarm     |     1 |       |       ||     1
    Use: Potion            |       |     5 |       ||     5
         Scroll            |       |     2 |       ||     2
   Stab: Sleeping          |     1 |       |       ||     1
 Armour: Skin              |    36 |    84 |    33 ||   153
  Dodge: Dodged            |    92 |   134 |    34 ||   260
